 Dungeon Sprint DCSS version 0.14.2 (webtiles) character file.

22713 Groucho the Spry (level 12, -4/97 HPs)
             Began as a Spriggan Enchanter on Jan 5, 2019.
             Was the Champion of Dithmenos.
             Slain by a deep elf blademaster
             ... wielding a +0,+0 cutlass
              (19 damage)
             ... in the Dungeon (Sprint II: "The Violet Keep of Menkaure").
             The game lasted 00:14:26 (2226 turns).

Groucho the Spry (Spriggan Enchanter)               Turns: 2226, Time: 00:14:26

HP  -4/97        AC  3     Str 13      XL: 12   Next: 43%
MP  21/37        EV 34     Int 15 (17) God: Dithmenos [******]
Gold 2525        SH  0     Dex 17      Spells:  4 memorised, 31 levels left

rFire  . . .     SeeInvis +     a - +1 dagger
rCold  . . .     Clarity  .     n - +0 robe (curse)
rNeg   . . .     Conserve .     (shield restricted)
rPois  +         rCorr    .     u - +0 hat
rElec  .         rRot     .     m - +0 cloak {rPois}
SustAb . .       Spirit   .     (gloves unavailable)
rMut   .         Warding  .     (boots unavailable)
Saprov . . .     NoTele   +     (no amulet)
MR     ++...                    l - ring of poison resistance
                                h - ring of flight

@: berserking, wreathed by umbra, very quick, very resistant to hostile
enchantments, extremely unstealthy
A: unfitting armour, see invisible, herbivore 3, speed 3, slow metabolism 2
a: Shadow Step, Shadow Form, Renounce Religion, Evoke Flight


You were in the Dungeon.
You worshipped Dithmenos.
Dithmenos was exalted by your worship.
You were not hungry.

You visited 1 branch You collected 3083 gold pieces.
You spent 558 gold pieces at shops.

Inventory:

Hand weapons
 a - a +1,+1 dagger (weapon)
Missiles
 d - 24 darts (quivered)
Armour
 b - a +1 robe
 m - a +0 cloak of poison resistance (worn)
 n - a cursed +0 robe (worn)
 u - a +0 hat (worn)
 v - a +1 cloak of darkness
Comestibles
 F - an apricot
Scrolls
 k - 2 scrolls of blinking
 o - 4 scrolls of remove curse {unknown}
 q - a scroll of random uselessness {unknown}
 r - 4 scrolls of identify
 t - a scroll of acquirement
 B - a scroll of enchant armour {unknown}
 C - a scroll of amnesia {unknown}
 G - a scroll of fear {unknown}
Jewellery
 h - a ring of flight (left hand)
 l - a ring of poison resistance (right hand)
 x - an uncursed ring of sustain abilities
 y - an uncursed ring of positive energy
Potions
 e - 5 potions of flight
 f - a potion of curing
 i - 15 potions of magic
 p - a potion of paralysis {unknown}
 w - a potion of haste
 z - 4 potions of resistance {unknown}
 A - 2 potions of might {unknown}
 D - a potion of agility {unknown}
 E - 3 potions of brilliance {unknown}
Books
 c - a book of Maledictions

   Spells                             Type                      Level
   *Corona                            Hexes                        1
   Sure Blade                         Hexes/Charms                 2
   *Ensorcelled Hibernation           Hexes/Ice                    2
   *Confuse                           Hexes                        3
   Enslavement                        Hexes                        4
   *Invisibility                      Hexes                        6
 s - a book of Beasts

   Spells                             Type                      Level
   Summon Butterflies                 Summoning                    1
   Call Canine Familiar               Summoning                    3
   Summon Ice Beast                   Ice/Summoning                4
   Summon Mana Viper                  Hexes/Summoning              5
   Monstrous Menagerie                Summoning                    6
   Summon Hydra                       Summoning                    7


   Skills:
 + Level 8.7 Fighting
 + Level 13.3 Short Blades
 - Level 1.1 Throwing
 * Level 19.2 Dodging
 - Level 18.8 Stealth
 * Level 16.3 Spellcasting
 * Level 17.9 Hexes


You had 31 spell levels left.
You knew the following spells:

 Your Spells              Type           Power        Failure   Level  Hunger
a - Corona                Hex            ######.      0%          1    None
b - Ensorcelled Hibernat  Hex/Ice        #####.       1%          2    None
c - Confuse               Hex            ######..     0%          3    None
d - Invisibility          Hex            ######..     1%          6    ######.


Dungeon Overview and Level Annotations

Branches:
Dungeon (1/1)

Altars:
Cheibriados
Dithmenos
Elyvilon
Fedhas
Kikubaaqudgha
Makhleb
Nemelex Xobeh
Okawaru
Sif Muna
Trog
Vehumet
Xom
Yredelemnul
Zin
The Shining One
Beogh
Jiyva
Lugonu

Shops:
D :!:}(:[==:[!?(%?

Annotations:
D exclusion: oklob plant


Innate Abilities, Weirdness & Mutations

You are tiny and cannot use many weapons and most armour.
You have supernaturally acute eyesight.
You are a herbivore.
You cover ground extremely quickly.
You need consume almost no food.


Message History

The deep elf blademaster completely misses you.
The deep elf blademaster hits you with a cutlass!
* * * LOW HITPOINT WARNING * * *
You miss the deep elf blademaster.
The deep elf blademaster is lightly wounded.
Your shadow hits the deep elf blademaster but does no damage.
You hit the deep elf blademaster.
The deep elf blademaster is lightly wounded.
Your shadow completely misses the deep elf blademaster.
The deep elf blademaster completely misses you.
The deep elf blademaster closely misses you.
You slash the deep elf blademaster!
The deep elf blademaster is moderately wounded.
Your shadow closely misses the deep elf blademaster.
Your magical contamination has completely faded away.
You miss the deep elf blademaster.
The deep elf blademaster is moderately wounded.
Your shadow completely misses the deep elf blademaster.
The deep elf blademaster hits you with a cutlass!
You die...

..▓ ▓▓▓▓.▓ .▓0..▓
§▓▓▓▓▓▓▓▓▓▓ ▓▓▓▓▓▓
§▓≈≈≈≈≈≈≈≈▓▓▓.^..▓
§▓▓▓▓▓▓▓▓▓▓▓▓'▓▓.▓
[▓.%......▓▓...▓§▓
)▓).(.([..▓▓.⌠.▓§▓
)▓(.)(....▓▓...▓@▓
#▓()[.....▓▓.).▓e▓
#▓.....)..▓▓.).▓G▓
#▓().)[...▓▓...▓.▓
#▓...((...▓▓.⌠.▓^▓
#▓.)....(.▓▓...▓.▓
#▓▓▓▓▓▓▓'▓▓▓▓'▓▓.▓
≈≈≈≈≈≈≈≈...≈≈≈▓$§§
######≈###.≈≈≈▓§.§


You could see a deep elf blademaster and an eye of devastation.

Vanquished Creatures
  A hellephant (D)
  A deep elf master archer (D)
  2 sphinxes (D)
  A kraken (D)
  A draconian shifter (D)
  A fire dragon (D)
  An ice dragon (D)
  2 plague shamblers (D)
  A death yak (D)
  A giant orange brain (D)
  2 death drakes (D)
  2 deep trolls (D)
  A harpy (D)
  A mermaid (D)
  A yaktaur (D)
  3 polar bears (D)
  Sonja (D)
  2 boulder beetles (D)
  A blink frog (D)
  3 slime creatures (D)
  2 grizzly bears (D)
  2 redbacks (D)
  2 wyverns (D)
  A yellow wasp (D)
  3 black bears (D)
  A crocodile (D)
  4 brain worms (D)
  3 pulsating lumps (D)
  8 big fish (D)
  4 worker ants (D)
59 creatures vanquished.

Vanquished Creatures (others)
  Menkaure (D)
  A swamp drake (D)
2 creatures vanquished.

Grand Total: 61 creatures vanquished

Notes
Turn   | Place    | Note
--------------------------------------------------------------
     0 | D        | Groucho, the Spriggan Enchanter, began the quest for the Orb.
     0 | D        | Reached XP level 1. HP: 9/9 MP: 4/4
     1 | D        | Noticed a boulder beetle
     1 | D        | Noticed a boulder beetle
     5 | D        | Noticed a brain worm
    22 | D        | Killed a brain worm
    22 | D        | Reached skill level 8 in Stealth
    22 | D        | Reached skill level 5 in Spellcasting
    22 | D        | Reached skill level 5 in Hexes
    22 | D        | Reached XP level 2. HP: 13/13 MP: 5/11
    22 | D        | Reached XP level 3. HP: 16/16 MP: 6/14
   210 | D        | Learned a level 2 spell: Ensorcelled Hibernation
   214 | D        | Learned a level 3 spell: Confuse
   214 | D        | Noticed a brain worm
   215 | D        | Killed a brain worm
   215 | D        | Reached skill level 10 in Stealth
   215 | D        | Reached XP level 4. HP: 21/21 MP: 16/18
   216 | D        | Noticed a brain worm
   216 | D        | Noticed a brain worm
   218 | D        | Killed a brain worm
   218 | D        | Reached skill level 12 in Stealth
   218 | D        | Reached XP level 5. HP: 24/24 MP: 16/21
   220 | D        | Killed a brain worm
   220 | D        | Reached skill level 13 in Stealth
   358 | D        | Noticed a mermaid
   361 | D        | Killed a mermaid
   361 | D        | Reached skill level 14 in Stealth
   361 | D        | Reached XP level 6. HP: 27/30 MP: 22/24
   361 | D        | Reached XP level 7. HP: 31/35 MP: 23/26
   374 | D        | Noticed a worker ant
   374 | D        | Noticed a worker ant
   376 | D        | Noticed a worker ant
   376 | D        | Noticed a worker ant
   377 | D        | Killed a worker ant
   378 | D        | Killed a worker ant
   380 | D        | Killed a worker ant
   383 | D        | Killed a worker ant
   383 | D        | Reached skill level 5 in Short Blades
   422 | D        | Killed a boulder beetle
   422 | D        | Reached skill level 15 in Stealth
   422 | D        | Reached skill level 10 in Hexes
   426 | D        | Killed a boulder beetle
   426 | D        | Reached XP level 8. HP: 38/40 MP: 8/28
   437 | D        | Learned a level 6 spell: Invisibility
   439 | D        | Found Thuf's Magic Scroll Shop.
   440 | D        | Found Wulellod's Food Boutique.
   440 | D        | Found Ungek's Distillery.
   440 | D        | Found Ixtuiw's Magic Scroll Shop.
   440 | D        | Found Vaeshucau's Book Boutique.
   440 | D        | Found Sioptamaij's Antique Armour Boutique.
   440 | D        | Found Hiagri's Jewellery Shop.
   440 | D        | Found Ihaum's Jewellery Shop.
   441 | D        | Found Woicoito's Weapon Boutique.
   441 | D        | Found Hurinoud's Antique Armour Shop.
   442 | D        | Found Yneggabb's Antique Weapon Shop.
   442 | D        | Found Ghitaisch's Book Boutique.
   443 | D        | Noticed a crocodile
   453 | D        | Killed a crocodile
   457 | D        | Found Qifiqutu's Distillery.
   457 | D        | Found Vesamn's Gadget Boutique.
   457 | D        | Noticed a shining eye
   457 | D        | Noticed a shining eye
   457 | D        | Noticed a shining eye
   458 | D        | Found Twexkev's Book Boutique.
   458 | D        | Noticed an oklob plant
   459 | D        | Found Vematem's Book Shoppe.
   460 | D        | Noticed a pulsating lump
   460 | D        | Noticed a pulsating lump
   460 | D        | Noticed a pulsating lump
   465 | D        | Noticed a soldier ant
   465 | D        | Noticed a soldier ant
   472 | D        | Bought an uncursed ring of flight for 175 gold pieces
   479 | D        | Bought an uncursed ring of poison resistance for 200 gold pieces
   504 | D        | Killed Menkaure
   679 | D        | Bought a runed cloak for 112 gold pieces
   679 | D        | Bought a glowing robe for 17 gold pieces
   710 | D        | Noticed a blink frog
   712 | D        | Killed a blink frog
   737 | D        | Found a blossoming altar of Fedhas.
   737 | D        | Found a shadowy altar of Dithmenos.
   737 | D        | Found a sparkling altar of Nemelex Xobeh.
   740 | D        | Found a radiant altar of Vehumet.
   740 | D        | Found a burning altar of Makhleb.
   740 | D        | Found a shimmering altar of Xom.
   741 | D        | Found a basalt altar of Yredelemnul.
   742 | D        | Noticed a baby alligator
   743 | D        | Found a snail-covered altar of Cheibriados.
   743 | D        | Found a roughly hewn altar of Beogh.
   743 | D        | Found a white marble altar of Elyvilon.
   743 | D        | Found a glowing golden altar of the Shining One.
   743 | D        | Found a deep blue altar of Sif Muna.
   744 | D        | Found a viscous altar of Jiyva.
   745 | D        | Found an ancient bone altar of Kikubaaqudgha.
   745 | D        | Found an iron altar of Okawaru.
   745 | D        | Found a glowing silver altar of Zin.
   745 | D        | Found a bloodstained altar of Trog.
   745 | D        | Found a corrupted altar of Lugonu.
   745 | D        | Noticed a yellow wasp
   745 | D        | Noticed a polar bear
   746 | D        | Noticed a yaktaur
   749 | D        | Became a worshipper of Dithmenos the Shadowed
   755 | D        | Noticed a polar bear
   755 | D        | Noticed a polar bear
   756 | D        | Killed a polar bear
   756 | D        | Reached skill level 16 in Stealth
   757 | D        | Killed a polar bear
   757 | D        | Reached skill level 10 in Dodging
   759 | D        | Killed a polar bear
   760 | D        | Killed a yellow wasp
   760 | D        | Reached XP level 9. HP: 42/45 MP: 25/30
   762 | D        | Killed a yaktaur
   762 | D        | Reached skill level 10 in Spellcasting
   793 | D        | Noticed a grizzly bear
   794 | D        | Noticed a grizzly bear
   795 | D        | Killed a grizzly bear
   795 | D        | Acquired Dithmenos' first power
   795 | D        | Reached skill level 17 in Stealth
   797 | D        | Killed a grizzly bear
   805 | D        | Noticed a slime creature
   805 | D        | Noticed a slime creature
   806 | D        | Noticed a slime creature
   807 | D        | Killed a slime creature
   808 | D        | Killed a slime creature
   810 | D        | Killed a slime creature
   810 | D        | Acquired Dithmenos' second power
   821 | D        | Noticed a deep elf master archer
   826 | D        | Killed a deep elf master archer
   826 | D        | Reached skill level 5 in Fighting
   826 | D        | Reached skill level 10 in Short Blades
   826 | D        | Reached skill level 18 in Stealth
   826 | D        | Reached XP level 10. HP: 50/52 MP: 28/32
   832 | D        | Noticed an ice dragon
   834 | D        | Killed an ice dragon
  1015 | D        | Noticed a redback
  1015 | D        | Noticed a black bear
  1015 | D        | Noticed a black bear
  1015 | D        | Noticed a wyvern
  1015 | D        | Noticed a redback
  1015 | D        | Noticed a death yak
  1015 | D        | Noticed a black bear
  1015 | D        | Noticed a wyvern
  1015 | D        | Noticed a pulsating lump
  1015 | D        | Noticed a pulsating lump
  1015 | D        | Noticed a pulsating lump
  1015 | D        | Noticed a fire dragon
  1017 | D        | Killed a fire dragon
  1017 | D        | Acquired Dithmenos' third power
  1018 | D        | Killed a pulsating lump
  1020 | D        | Killed a pulsating lump
  1022 | D        | Killed a pulsating lump
  1024 | D        | Killed a death yak
  1026 | D        | Killed a redback
  1026 | D        | Acquired Dithmenos' fourth power
  1028 | D        | Killed a redback
  1028 | D        | Reached skill level 15 in Dodging
  1031 | D        | Killed a black bear
  1033 | D        | Killed a black bear
  1034 | D        | Killed a black bear
  1036 | D        | Killed a wyvern
  1036 | D        | Reached XP level 11. HP: 58/58 MP: 28/34
  1038 | D        | Killed a wyvern
  1308 | D        | Noticed a death drake
  1308 | D        | Noticed a plague shambler
  1309 | D        | Noticed a death drake
  1309 | D        | Noticed a swamp drake
  1309 | D        | Noticed a plague shambler
  1310 | D        | Killed a plague shambler
  1310 | D        | Reached skill level 15 in Hexes
  1320 | D        | Killed a swamp drake
  1522 | D        | Killed a death drake
  1524 | D        | Killed a death drake
  1527 | D        | Killed a plague shambler
  1571 | D        | Noticed a big fish
  1572 | D        | Noticed a big fish
  1573 | D        | Noticed a kraken
  1586 | D        | Killed a kraken
  1589 | D        | Identified 3 scrolls of acquirement
  1749 | D        | Noticed a big fish
  1750 | D        | Killed a big fish
  1751 | D        | Noticed a big fish
  1751 | D        | Noticed a big fish
  1751 | D        | Killed a big fish
  1752 | D        | Killed a big fish
  1754 | D        | Killed a big fish
  1758 | D        | Killed a big fish
  1761 | D        | Noticed a big fish
  1761 | D        | Noticed a big fish
  1762 | D        | Killed a big fish
  1763 | D        | Noticed a big fish
  1763 | D        | Killed a big fish
  1764 | D        | Killed a big fish
  1766 | D        | Noticed a deep troll
  1767 | D        | Noticed a deep troll
  1776 | D        | Killed a deep troll
  1779 | D        | Killed a deep troll
  1974 | D        | Noticed a sphinx
  1975 | D        | Noticed a sphinx
  1977 | D        | Killed a sphinx
  1983 | D        | Killed a sphinx
  1983 | D        | Reached skill level 15 in Spellcasting
  1983 | D        | Reached XP level 12. HP: 61/64 MP: 32/37
  2027 | D        | Noticed a shark
  2030 | D        | Noticed a shark
  2084 | D        | Bought a runed short sword for 54 gold pieces
  2160 | D        | Noticed a black draconian shifter
  2160 | D        | Noticed Sonja
  2160 | D        | Noticed a giant orange brain
  2161 | D        | Noticed a hellephant
  2162 | D        | Killed a giant orange brain
  2164 | D        | Killed a black draconian shifter
  2165 | D        | Killed Sonja
  2168 | D        | Killed a hellephant
  2168 | D        | Reached skill level 19 in Dodging
  2197 | D        | Noticed a harpy
  2200 | D        | Noticed an eye of devastation
  2203 | D        | Noticed a deep elf blademaster
  2205 | D        | Killed a harpy
  2226 | D        | Slain by a deep elf blademaster

Action                   |  1- 3 |  4- 6 |  7- 9 | 10-12 || total
-------------------------+-------+-------+-------+-------++-------
Melee: Dagger            |    15 |     3 |    23 |    54 ||    95
Throw: Dart              |       |       |     1 |       ||     1
 Cast: Confuse           |       |       |     5 |     6 ||    11
       Ensorcelled Hiber |       |       |     4 |     4 ||     8
       Invisibility      |       |       |     2 |     4 ||     6
 Abil: Evoke Flight      |       |       |     3 |     3 ||     6
       Stop Flying       |       |       |     1 |       ||     1
  Use: Potion            |     1 |       |       |     5 ||     6
       Scroll            |       |       |       |     6 ||     6
 Stab: Sleeping          |     1 |     3 |    19 |    34 ||    57
       Confused          |       |       |     1 |     2 ||     3
       Invisible         |       |       |       |     1 ||     1
